 Dungeon Crawl Stone Soup version 0.27-a0-797-g27d10ad80f (webtiles) character file.

Game seed: 1980670138328869392

86 pkoi the Chopper (level 4, 0/37 HPs)
             Began as a Minotaur Gladiator on Mar 28, 2021.
             Succumbed to an adder's poison
             ... on level 2 of the Dungeon.
             The game lasted 00:01:31 (1813 turns).

pkoi the Chopper (Minotaur Gladiator)               Turns: 1813, Time: 00:01:32

Health: 0/37       AC:  3    Str: 20    XL:     4   Next: 26%
Magic:  3/3        EV: 12    Int:  5    God:
Gold:   50         SH:  0    Dex: 11    Spells: 3/3 levels left

rFire    . . .     SeeInvis .   a - +0 war axe
rCold    . . .     Faith    .   (no shield)
rNeg     . . .     Spirit   .   b - +0 leather armour
rPois    .         Reflect  .   c - +0 hat
rElec    .         Harm     .   (no cloak)
rCorr    .         Rampage  .   (no gloves)
Will     .....                  (no boots)
Stlth    +.........             (no amulet)
HPRegen  0.12/turn              (no ring)
MPRegen  0.08/turn              (no ring)

@: lethally poisoned (0 -> -5)
A: horns 2, retaliatory headbutt
a: no special abilities


You were on level 2 of the Dungeon.
You visited 1 branch of the dungeon, and saw 2 of its levels.

You collected 50 gold pieces.

Inventory:

Hand Weapons
 a - a +0 war axe (weapon)
Missiles
 d - 3 throwing nets (quivered)
 g - 5 boomerangs
Armour
 b - a +0 leather armour (worn)
 c - a +0 hat (worn)
Scrolls
 e - a scroll of fog {unknown}
 f - a scroll of silence {unknown}
 i - a scroll of identify {unknown}
Potions
 h - a potion of haste {unknown}


   Skills:
 - Level 2.4 Fighting
 + Level 6.2 Axes
 - Level 2.0 Throwing
 - Level 3.2 Dodging


You had 3 spell levels left.
You didn't know any spells.
Your spell library contained the following spells:

 Spells                   Type           Power      Damage    Failure   Level
 Foxfire                  Conj/Fire      0%         2x1d4     54%         1
 Cause Fear               Hex            0%         N/A       99%         4
 Dragon Form              Tmut           0%         N/A       100%        7
 Dragon's Call            Summ           0%         N/A       100%        9


Dungeon Overview and Level Annotations

Branches:
Dungeon (2/15)

Altars:


Innate Abilities, Weirdness & Mutations

You have a pair of horns on your head.
You reflexively headbutt those who attack you in melee.


Message History

You slash the gnoll!
You kill the gnoll!
Your life force feels restored.
You see here a +0 halberd.
You start resting.
An adder comes into view.
An adder is nearby!
An adder is nearby!
An adder is nearby!
The adder hisses angrily.
You see here a +0 halberd.
The adder barely misses you. You furiously retaliate!
You headbutt the adder! You closely miss the adder.
The adder is almost dead.
The adder bites you.
You are poisoned.
The adder poisons you! The adder closely misses you.
You hit the adder but do no damage.
The adder is almost dead.
You feel very sick. The adder bites you.
You are more poisoned.
The adder poisons you! The adder bites you but does no damage.
You miss the adder. Your headbutt misses the adder.
The adder is almost dead.
You feel extremely sick. The adder bites you.
* * * LOW HITPOINT WARNING * * *
You are more poisoned.
The adder poisons you!
You barely miss the adder. Your headbutt misses the adder.
The adder is almost dead.
* * * LOW HITPOINT WARNING * * *
You feel very sick. The adder bites you.
* * * LOW HITPOINT WARNING * * *
The adder closely misses you.
You hit the adder.
You kill the adder!
You die...

#.# # #.# #. #.# .
#<# #. # #)#
#.###### #.#
#...##.. #.#
#######g†..#
###)#####.....g.##..
#..@...##.##########
#.........#
#..)....###
#.......# #......##
#......# #......#
#......# #......#


There were no monsters in sight!

Vanquished Creatures
  4 gnolls
  An adder (D:2)
  An ufetubus (D:2)
  A dart slug (D:2)
  6 ball pythons
  3 endoplasms (D:1)
  2 giant cockroaches
  3 hobgoblins (D:1)
  2 jackals (D:1)
  A quokka (D:2)
  A bat (D:1)
  5 frilled lizards (D:1)
  4 goblins (D:1)
  4 kobolds
  6 rats (D:1)
44 creatures vanquished.

Notes
Turn   | Place    | Note
-------+----------+-------------------------------------------
     0 | D:1      | pkoi the Minotaur Gladiator began the quest for the Orb.
     0 | D:1      | Reached XP level 1. HP: 18/18 MP: 0/0
    72 | D:1      | Reached skill level 4 in Axes
   251 | D:1      | Reached XP level 2. HP: 25/25 MP: 1/1
   463 | D:1      | Reached skill level 5 in Axes
   732 | D:1      | You fall into a shaft and drop 1 floor!
   744 | D:2      | Reached XP level 3. HP: 21/30 MP: 2/2
  1544 | D:1      | Reached skill level 6 in Axes
  1544 | D:1      | Reached XP level 4. HP: 20/36 MP: 3/3
  1812 | D:2      | HP: 1/37 [adder (4)]
  1813 | D:2      | Succumbed to an adder's poison

Illustrated notes

Levels and vault maps discovered:
D:1:      dpeg_arrival_shrine, layout_loops_corners, minmay_small_reverse_x
D:2:      layout_rooms, nicolae_overflow_hidden_temple

Skill      XL: |  1  2  3 |
---------------+----------+-----
Axes           | 4 5 6 |  6.2
Fighting       | |  2.4
Throwing       | |  2.0
Dodging        | |  3.2

Action                   |  1- 3 |  4- 6 || total
-------------------------+-------+-------++-------
Melee: War axe           |    74 |     8 ||    82
       Headbutt          |    12 |     1 ||    13
 Stab: Sleeping          |     1 |       ||     1
Armor: Leather armour    |    12 |     1 ||    13
Dodge: Dodged            |    64 |     5 ||    69

Table legend: (Time is in decaauts)
 A = Elapsed time spent in this place.
 B = Non-inter-level travel time spent in this place.
 C = Inter-level travel time spent in this place.
 D = Time resting spent in this place.
 E = Time spent auto-exploring this place.
 F = Levels seen in this place.
 G = Mean time per level.
                   A        B        C        D        E       F      G
               +--------+--------+--------+--------+--------+-----+--------+
         Total |   1837 |   1819 |     18 |    596 |    956 |   2 |  918.5 |
       Dungeon |   1837 |   1819 |     18 |    596 |    956 |   2 |  918.5 |
               +--------+--------+--------+--------+--------+-----+--------+

Top non-repeatable levels by time:
     D:1: 1537 daAuts
     D:2: 300 daAuts
